Map: Автоматон РВ

Players

Murena - Winner!

  • Race: Terran Terran
  • Spawn Location: 3:00

ИИ 1 (эксперт)

  • Race: Zerg Zerg
  • Spawn Location: 9:00

VOD

Have the link to the VOD?

Description

Time

  • Played on: Feb. 5, 2019, 4:55 p.m.
  • Length: 8:44
Show
View Real Time Build Order
Export as new Build Order

Murena Terran - Winner!

Build Orders: 1/1/1 

Get SALT Encoding   

  12  0:00  SCV  
  13  0:14  Supply Depot  
  13  0:22  Refinery  
  13  0:29  SCV  
  14  0:40  Barracks  
  14  0:46  SCV  
  15  0:58  SCV  
  16  1:10  SCV  
  17  1:22  SCV  
  18  1:27  Refinery  
  18  1:28  Factory  
  18  1:29  Marine  
  19  1:34  SCV  
  20  1:40  Supply Depot  
  20  1:46  SCV  
  21  1:52  Marine  
  22  1:58  SCV  
  23  2:11  SCV  
  23  2:12  Starport  
  24  2:16  Barracks Reactor  
  24  2:19  Factory Reactor  
  24  2:23  SCV  
  25  2:34  Bunker  
  25  2:35  SCV  
  26  2:48  SCV  
  26  2:49  Starport Tech Lab  
  27  2:53  Starport  
  27  2:56  Marine  
  28  3:00  Marine  
  29  3:07  Hellion  
  31  3:14  Supply Depot  
  31  3:30  Starport Reactor  
  31  3:32  Orbital Command  
  31  3:36  Banshee  
  34  3:43  Supply Depot  
  34  3:50  Hellion  
  34  3:52  Marine  
  34  3:53  Marine  
  38  4:00  Cloaking Field  
  38  4:08  Viking  
  40  4:16  Viking  
  42  4:22  Supply Depot  
  42  4:29  Banshee  
  45  4:34  Marine x2  
  41  4:45  Medivac  
  47  4:47  Viking  
  47  4:52  Hellion  
  53  4:57  Marine  
  53  4:58  Marine  
  55  5:05  Supply Depot  
  55  5:12  Armory  
  55  5:18  Engineering Bay  
  55  5:31  SCV  
  55  5:32  Banshee  
  59  5:36  Viking  
  59  5:42  Hellion  
  63  5:48  Supply Depot  
  63  5:54  Missile Turret  
Show
View Real Time Build Order
Export as new Build Order

ИИ 1 (эксперт) Zerg 

Build Orders: Hatch First 

Get SALT Encoding   

  12  0:00  Drone  
  13  0:12  Overlord  
  13  0:18  Drone  
  14  0:30  Drone  
  14  0:31  Drone  
  14  0:34  Drone  
  17  0:54  Hatchery  
  16  0:58  Drone  
  17  1:15  Spawning Pool  
  17  1:16  Extractor  
  16  1:18  Drone  
  16  1:22  Drone  
  17  1:26  Drone  
  17  1:30  Drone  
  19  1:39  Overlord  
  19  1:50  Drone  
  20  2:01  Queen  
  20  2:05  Zergling x2  
  20  2:06  Drone  
  24  2:18  Queen  
  26  2:24  Drone  
  27  2:37  Roach Warren  
  27  2:39  Extractor, Drone  
  27  2:43  Drone  
  27  2:48  Overlord  
  27  2:53  Drone  
  27  2:56  Drone  
  29  2:59  Drone  
  29  3:02  Drone  
  29  3:05  Drone  
  32  3:09  Zergling x2  
  32  3:11  Zergling x2  
  34  3:19  Roach  
  36  3:20  Roach  
  36  3:25  Roach  
  40  3:29  Roach  
  40  3:31  Drone  
  40  3:34  Drone  
  44  3:39  Overlord  
  44  3:46  Lair  
  44  3:51  Metabolic Boost  
  44  3:55  Overlord  
  44  3:58  Drone  
  44  4:01  Drone  
  46  4:03  Drone  
  46  4:05  Zergling x2  
  46  4:08  Zergling x2  
  49  4:10  Zergling x2  
  50  4:17  Drone, Evolution Chamber  
  50  4:23  Drone, Evolution Chamber  
  50  4:25  Drone  
  50  4:27  Drone  
  50  4:29  Drone  
  53  4:32  Drone  
  54  4:44  Zerg Missile Weapons Level 1  
  54  4:45  Hydralisk Den, Drone  
  54  4:49  Zerg Ground Armor Level 1  
  54  4:53  Overlord  
  54  4:56  Roach  
  54  4:58  Roach  
  58  5:11  Extractor, Drone x2, Overlord  
  58  5:13  Drone  
  60  5:15  Drone  
  60  5:16  Drone, Hydralisk  
  60  5:19  Hydralisk  
  66  5:22  Drone  
  66  5:23  Drone  
  68  5:29  Drone, Overlord  
  68  5:31  Drone  
  68  5:32  Drone  
  68  5:34  Drone  
  72  5:36  Drone  
  72  5:37  Drone  
  72  5:40  Drone  
  72  5:42  Drone  
  76  5:48  Infestation Pit  
  75  5:51  Overlord  
  75  5:53  Drone  
  75  5:56  Roach  
  78  5:58  Roach  
  78  6:00  Roach  
  82  6:09  Roach, Overlord  
  84  6:12  Overseer  
  84  6:21  Baneling Nest  
  80  6:26  Infestor  
  80  6:30  Roach  
  80  6:31  Hatchery  
  77  6:36  Spine Crawler  
  77  6:37  Zergling x2  
  77  6:39  Extractor, Zergling x2  
  70  6:42  Roach  
  70  6:45  Roach  
  58  6:49  Roach  
  53  6:57  Queen  
  53  6:59  Zergling x2  
  51  7:02  Zergling x2  
  51  7:05  Baneling  
  51  7:06  Roach  
  46  7:11  Roach  
  45  7:16  Roach  
  45  7:26  Spawning Pool  
  19  8:16  Zergling x2  
Tags
 
Add a new tag
Caveats
  • Supply blocks, unpowered buildings, or Contaminate may cause inaccurate times.
  • Supply counts are checked every 10 seconds.